Map: Abyssal Reef LE

Players

Pandemonium - Winner!

  • Race: Zerg Zerg
  • League: Platinum
  • Spawn Location: 5:00

Krachen

  • Race: Protoss Protoss
  • League: Platinum
  • Spawn Location: 11:00

VOD

Have the link to the VOD?

Description

Time

  • Played on: April 21, 2025, 4:47 p.m.
  • Length: 18:57
Show
View Real Time Build Order
Export as new Build Order

Pandemonium Zerg - Winner!

Build Orders: Hatch First 

Get SALT Encoding   

  12  0:00  Drone  
  13  0:07  Drone  
  14  0:15  Drone, Extractor  
  15  0:21  Overlord  
  15  0:46  Hatchery  
  15  0:47  Drone  
  15  0:51  Drone  
  15  0:55  Drone  
  17  1:03  Drone  
  18  1:09  Extractor  
  17  1:18  Spawning Pool  
  17  1:19  Drone  
  17  1:22  Drone  
  18  1:30  Drone  
  19  1:41  Overlord  
  19  2:05  Queen  
  19  2:06  Queen  
  19  2:07  Zergling x4  
  25  2:10  Drone  
  25  2:11  Drone  
  27  2:21  Metabolic Boost  
  27  2:23  Drone  
  27  2:25  Drone  
  29  2:31  Overlord  
  29  2:34  Drone  
  30  2:51  Hatchery  
  29  3:00  Queen  
  29  3:01  Drone  
  29  3:02  Drone  
  29  3:04  Drone  
  34  3:19  Overlord, Drone x4  
  38  3:30  Queen  
  39  3:36  Zergling x6  
  39  3:37  Zergling x2  
  40  4:13  Drone x10  
  50  4:18  Overlord x2  
  47  4:40  Queen  
  47  4:45  Drone x4  
  52  4:48  Spore Crawler  
  52  4:50  Spore Crawler, Drone  
  52  4:51  Drone  
  52  4:53  Drone  
  52  4:54  Overlord  
  52  4:56  Drone x2  
  52  4:57  Drone  
  56  5:10  Spore Crawler  
  55  5:16  Drone  
  55  5:21  Drone  
  57  5:22  Roach Warren  
  57  5:25  Queen  
  58  5:30  Queen  
  60  6:00  Extractor  
  60  6:01  Drone x2  
  60  6:02  Extractor  
  60  6:03  Drone x3, Extractor  
  63  6:04  Drone x3  
  63  6:05  Overlord x2  
  63  6:06  Overlord  
  65  6:13  Drone x3  
  65  6:15  Drone x6  
  74  6:26  Drone x2, Evolution Chamber, Hatchery  
  74  6:27  Evolution Chamber  
  74  6:47  Drone x2  
  74  6:49  Extractor  
  74  6:50  Drone x2, Extractor  
  74  6:52  Roach x8  
  91  6:54  Zerg Missile Weapons Level 1  
  91  6:59  Zerg Ground Armor Level 1  
  93  7:01  Roach x2  
  90  7:28  Drone x7  
  90  7:29  Drone  
  98  7:30  Overlord  
  98  7:31  Overlord x3  
  98  7:48  Overlord x5  
  98  7:49  Overlord  
  98  7:51  Lair  
  96  8:08  Queen  
  96  8:12  Queen  
  100  8:17  Zergling x2  
  100  8:18  Zergling x30  
  80  8:49  Roach x12  
  80  8:50  Roach  
  99  9:09  Roach x3, Hatchery  
  118  9:10  Roach x7  
  118  9:16  Extractor  
  110  9:20  Zergling x10  
  110  9:21  Zergling x2  
  110  9:23  Queen  
  108  10:00  Drone x5  
  108  10:01  Drone x5  
  118  10:19  Extractor  
  118  10:20  Glial Reconstitution  
  117  10:21  Hydralisk Den, Zerg Ground Armor Level 2, Zerg Missile Weapons Level 2  
  117  10:25  Queen  
  118  10:35  Drone x3  
  121  10:38  Drone x6  
  121  10:41  Queen  
  129  10:44  Extractor  
  128  10:57  Grooved Spines  
  128  10:58  Hydralisk x18  
  164  11:08  Lurker Den, Drone x2  
  165  11:28  Drone x3  
  165  11:29  Drone x3  
  171  11:38  Queen  
  173  11:47  Muscular Augments  
  173  12:01  Queen  
  173  12:05  Overlord x5  
  173  12:06  Overlord x2  
  172  12:09  Overlord x6  
  172  12:20  Lurker  
  163  12:33  Roach  
  163  12:34  Roach x17  
  171  13:00  Zergling x12  
  171  13:01  Zergling x22  
  182  13:26  Hydralisk x9  
  127  14:30  Zerg Melee Weapons Level 1  
  127  14:32  Infestation Pit  
  123  15:08  Spine Crawler, Spore Crawler  
  123  15:09  Drone x3  
  123  15:10  Drone  
  123  15:22  Hive  
  121  15:44  Hatchery  
  121  15:49  Overseer  
  120  15:50  Overseer  
  120  15:51  Pneumatized Carapace  
  120  15:53  Spine Crawler, Spore Crawler  
  120  15:55  Spine Crawler  
  120  15:56  Hydralisk x20  
  120  15:57  Hydralisk x19  
  189  16:12  Baneling Nest  
  166  16:35  Zergling x6  
  166  16:36  Zergling x34  
  139  16:51  Roach x11  
  151  17:24  Adaptive Talons  
  151  17:25  Extractor x2  
  149  17:30  Ultralisk Cavern  
  149  17:31  Centrifugal Hooks  
  146  17:41  Hydralisk x8  
  146  17:42  Hydralisk x13  
  181  17:45  Lurker  
  181  17:46  Lurker x13  
  181  17:51  Hydralisk x2  
  159  18:16  Roach x10  
  179  18:25  Hydralisk x7  
  179  18:26  Hydralisk x3  
  199  18:33  Unknown  
Show
View Real Time Build Order
Export as new Build Order

Krachen Protoss 

Build Orders: 1 Gate Expand, Chargelot Immortal 

Get SALT Encoding   

  12  0:00  Probe  
  13  0:12  Probe  
  14  0:18  Pylon  
  14  0:24  Probe  
  15  0:36  Probe  
  15  0:39  Gateway  
  16  0:45  Probe  
  16  0:47  Assimilator  
  17  0:53  Probe  
  18  1:05  Probe  
  19  1:24  Nexus  
  19  1:35  Gateway  
  19  1:46  Cybernetics Core  
  19  1:47  Probe  
  20  1:59  Probe  
  21  2:02  Assimilator  
  21  2:11  Probe  
  22  2:23  Pylon  
  22  2:25  Warp Gate  
  22  2:34  Probe  
  22  2:35  Adept x2  
  26  2:46  Probe x2  
  28  2:54  Probe x2, Shield Battery  
  29  3:02  Probe  
  30  3:09  Robotics Facility  
  30  3:10  Pylon  
  31  3:15  Stalker  
  31  3:19  Stalker  
  33  3:24  Probe  
  36  3:37  Probe x2  
  38  3:49  Probe  
  39  3:58  Adept x2  
  39  3:59  Observer  
  44  4:05  Probe x2  
  46  4:14  Twilight Council  
  47  4:17  Probe x2  
  47  4:18  Pylon  
  47  4:20  Observer  
  49  4:29  Probe  
  48  4:36  Blink  
  48  4:38  Zealot x2  
  48  4:39  Pylon  
  50  4:46  Warp Prism  
  50  4:52  Gateway  
  52  4:53  Gateway  
  52  4:55  Gateway  
  52  4:58  Pylon  
  52  5:01  Probe x2  
  54  5:09  Observer, Gateway  
  54  5:13  Probe x2  
  56  5:15  Assimilator  
  56  5:16  Assimilator  
  55  5:36  Zealot x2  
  55  5:41  Probe x2  
  61  5:50  Adept x3  
  61  5:53  Probe x2, Observer  
  69  6:00  Observer  
  69  6:02  Pylon  
  69  6:04  Pylon  
  69  6:05  Probe x2  
  69  6:07  Immortal  
  75  6:13  Observer  
  75  6:17  Probe x2  
  77  6:20  Charge  
  77  6:37  Probe x2  
  79  6:40  Zealot  
  79  6:41  Zealot x3  
  87  6:48  Observer  
  87  6:49  Zealot x2  
  91  7:01  Pylon  
  91  7:04  Pylon  
  91  7:06  Forge  
  91  7:08  Immortal  
  89  7:29  Probe  
  87  7:30  Probe  
  87  7:38  Nexus, Pylon  
  87  7:42  Probe, Pylon  
  88  7:46  Immortal  
  92  8:02  Stalker x2  
  92  8:03  Stalker x2  
  92  8:04  Zealot x2  
  100  8:25  Immortal  
  94  8:36  Probe, Zealot x4  
  94  8:37  Zealot x2  
  94  8:39  Probe  
  104  8:44  Probe  
  104  8:47  Nexus  
  99  8:51  Probe  
  99  8:54  Probe  
  98  8:55  Assimilator  
  98  8:59  Assimilator  
  98  9:02  Observer  
  99  9:03  Probe  
  99  9:06  Probe  
  101  9:15  Probe  
  102  9:17  Protoss Ground Weapons Level 1  
  102  9:18  Probe  
  95  9:27  Probe, Immortal  
  95  9:30  Zealot x4  
  95  9:31  Zealot x2  
  102  9:41  Pylon  
  102  9:44  Pylon  
  102  9:50  Photon Cannon  
  102  9:52  Photon Cannon, Shield Battery  
  102  9:55  Zealot x3, Shield Battery  
  102  9:59  Immortal  
  102  10:14  Probe  
  102  10:19  Assimilator  
  102  10:20  Templar Archives  
  103  10:25  Stargate  
  103  10:29  Zealot  
  103  10:30  Zealot x5  
  103  10:35  Immortal  
  115  10:40  Forge  
  119  10:44  Forge  
  119  10:45  Stargate  
  119  10:46  Pylon  
  119  10:51  Robotics Facility  
  119  10:52  Robotics Facility  
  119  11:09  Probe x2  
  119  11:11  Probe  
  122  11:13  Assimilator  
  122  11:21  Probe x2  
  122  11:23  Probe  
  125  11:25  Psionic Storm  
  125  11:31  High Templar x4  
  125  11:32  Nexus, High Templar x2  
  137  11:36  Archon x2, Pylon  
  137  11:37  Archon  
  137  11:39  Probe x3  
  140  11:40  Pylon  
  140  11:42  Pylon  
  140  11:44  Photon Cannon  
  140  11:46  Photon Cannon  
  140  11:48  Immortal x2  
  140  11:49  Immortal  
  140  11:50  Shield Battery  
  140  11:53  Shield Battery  
  152  12:04  Robotics Bay  
  152  12:08  High Templar x6  
  158  12:12  Archon x3  
  112  12:49  Colossus x2  
  112  12:50  Disruptor  
  96  12:51  High Templar x5  
  96  12:53  Extended Thermal Lance  
  116  13:14  Stalker  
  118  13:26  Zealot x5  
  128  13:40  Photon Cannon  
  128  13:45  Photon Cannon  
  109  13:59  Zealot  
  109  14:00  Zealot x3  
  109  14:01  Zealot x2  
  108  14:18  Observer  
  108  14:19  Disruptor, Colossus  
  108  14:21  High Templar  
  108  14:22  High Templar x5  
  121  14:32  Shield Battery  
  121  14:34  Shield Battery  
  121  14:47  Photon Cannon  
  121  14:48  Photon Cannon  
  121  14:49  Probe  
  121  14:50  Probe x3  
  121  14:52  Photon Cannon  
  125  14:54  Photon Cannon  
  125  14:55  Colossus x2  
  125  14:58  Photon Cannon  
  137  15:00  Photon Cannon  
  137  15:02  Probe x4  
  137  15:04  Zealot  
  137  15:05  Zealot x2  
  147  15:12  Colossus  
  147  15:13  Zealot  
  147  15:14  Probe x4, Zealot x2  
  160  15:20  Oracle x2  
  169  15:21  Protoss Ground Armor Level 1, Protoss Ground Weapons Level 2  
  169  15:22  Protoss Shields Level 1  
  169  15:26  Probe x4, Shield Battery  
  171  15:28  Shield Battery  
  171  15:30  Shield Battery  
  171  15:31  Shield Battery  
  171  15:32  Assimilator  
  171  15:33  Pylon  
  171  15:34  Assimilator, Pylon  
  167  15:38  Probe  
  167  15:42  Zealot x3  
  172  15:43  Zealot x2  
  172  15:47  Zealot  
  180  15:59  Gateway  
  180  16:00  Gateway  
  180  16:10  Zealot x2  
  180  16:11  Stalker, Zealot x2  
  188  16:12  Stalker  
  188  16:17  Disruptor x2  
  178  16:39  Archon  
  166  16:46  Zealot x3  
  166  16:47  Zealot x3  
  144  16:48  Colossus  
  144  16:52  Colossus x2  
  166  16:54  Zealot x2  
  170  17:08  Stalker x3  
  176  17:09  High Templar x3  
  182  17:18  Zealot x2  
  192  17:27  Void Ray x2  
  190  17:32  Pylon  
  190  17:41  Observer, Pylon  
  191  17:48  Zealot x2  
  191  17:49  Zealot x2  
  163  18:15  Disruptor x3  
  163  18:19  Zealot x2  
  177  18:20  Stalker x4, Zealot  
  177  18:21  Stalker  
Tags
 
Add a new tag
Caveats
  • Supply blocks, unpowered buildings, or Contaminate may cause inaccurate times.
  • Supply counts are checked every 10 seconds.